 Dungeon Crawl Stone Soup version 0.31-a0-355-g57cb03d3e8 (webtiles) character file.

Game seed: 15355783384844466754

114 LeprechaunX the Ruffian (level 4, 0/29 HPs)
             Began as an Octopode Shapeshifter on July 24, 2023.
             Slain by a hobgoblin (4 damage)
             ... on level 3 of the Dungeon.
             The game lasted 00:02:00 (1787 turns).

LeprechaunX the Ruffian (Octopode Shapeshifter)     Turns: 1787, Time: 00:02:00

Health: 0/29       AC:  1    Str: 16    XL:     4   Next: 97%
Magic:  4/4        EV: 13    Int: 10    God:
Gold:   85         SH:  0    Dex: 12    Spells: 3/3 levels left

rFire   . .          .
                       - Unarmed
rCold   . . .        (no shield)
rNeg    . . .        (helmet currently unavailable)
rPois   .            (no amulet)
rElec   .            (no ring)
rCorr   .            (no ring)
SInv    .            (no ring)
Will    .....        (no ring)
Stlth   ++           (no ring)
HPRegen 0.24/turn    (no ring)
MPRegen 0.09/turn    (no ring)
                     (no ring)

%: no passive effects
@: beast-form
A: beast (slay +2), almost no armour, amphibious, 8 rings, camouflage 1,
gelatinous body 1, (nimble swimmer 1), tentacles
a: Begin Untransformation


You were on level 3 of the Dungeon.
You were a hulking beast.
You visited 1 branch of the dungeon, and saw 3 of its levels.

You collected 85 gold pieces.

Inventory:

Missiles
 h - 4 javelins (quivered)
Jewellery
 d - a ring of fire
 i - the ring of Fun {rElec rPois rCorr Int+5}
   (You found it on level 3 of the Dungeon)

   [ring of resist corrosion]

   Int:       It affects your intelligence (+5).
   rElec:     It insulates you from electricity.
   rPois:     It protects you from poison.
   rCorr:     It protects you from acid and corrosion.
Talismans
 b - a beast talisman
Scrolls
 c - 4 scrolls of teleportation {unknown}
 f - a scroll of blinking {unknown}
Potions
 a - a potion of lignification
 e - 2 potions of might {unknown}
 g - a potion of heal wounds {unknown}
 j - a potion of brilliance {unknown}


   Skills:
 + Level 2.1 Fighting
 + Level 2.8 Dodging
 * Level 4.1 Unarmed Combat
 + Level 3.4 Shapeshifting


You had 3 spell levels left.
You didn't know any spells.
Your spell library contained the following spells:

 Spells                   Type           Power      Damage    Failure   Level
 Lesser Beckoning         Tloc           0%         N/A       50%         2
 Gell's Gravitas          Tloc           0%         N/A       75%         3
 Ozocubu's Armour         Ice            0%         N/A       75%         3
 Portal Projectile        Hex/Tloc       0%         N/A       75%         3
 Teleport Other           Tloc           0%         N/A       75%         3
 Tukima's Dance           Hex            0%         N/A       75%         3
 Iskenderun's Mystic Bla  Conj/Tloc      0%         2d3       98%         4
 Ozocubu's Refrigeration  Ice            0%         4d7       100%        7


Dungeon Overview and Level Annotations

Branches:
Dungeon (3/15)

Altars:


Innate Abilities, Weirdness & Mutations

You are a hulking beast.
Your limbs bulge with bestial killing power. (Slay +2)
You cannot wear most types of armour.
You are amphibious.
You can wear up to eight rings at the same time.
Your skin changes colour to match your surroundings (Stealth+).
Your rubbery body absorbs attacks. (AC +1, EV +1)
((You are camouflaged when in or above water. (Stealth+)))
You have tentacles for arms and can constrict up to eight enemies at once.


Message History

You are too injured to fight recklessly!
You are too injured to fight recklessly!
You are too injured to fight recklessly!
You are too injured to fight recklessly!
Unknown command.
You tentacle-slap the orc.
You kill the orc!
You have reached level 4!
You closely miss the orc. You grab the orc. You squeeze the orc.
You kill the orc!
An orc wizard comes into view. It is wielding a +0 dagger.
You tentacle-slap the orc priest. You grab the orc priest.
The orc priest is moderately wounded.
You constrict the orc priest, but do no damage.
The orc priest closely misses you.
You tentacle-slap the orc priest but do no damage.
The orc priest is moderately wounded.
You constrict the orc priest. The orc priest closely misses you.
You tentacle-slap the orc priest.
The orc priest is heavily wounded.
You constrict the orc priest.
The orc priest hits you with a +0 morningstar!
* * * LOW HITPOINT WARNING * * *
You tentacle-slap the orc priest. You squeeze the orc priest.
You kill the orc priest!
Your Fighting skill increases to level 2!
Your Unarmed Combat skill increases to level 4!
You tentacle-slap the orc wizard but do no damage.
Your grab misses the orc wizard.
The orc wizard hits you with a +0 dagger.
* * * LOW HITPOINT WARNING * * *
You tentacle-slap the orc wizard. You grab the orc wizard.
You squeeze the orc wizard!
The orc wizard is almost dead.
You constrict the orc wizard.
You kill the orc wizard!
Unknown command.
You closely miss the hobgoblin. Your grab misses the hobgoblin.
The hobgoblin hits you.
You die...

#.#### #.#..! #.##.#
###.##.# ##. #...##.#
.... # #...##.# .....
#.##...##.######......
#.............hg..#
######...##.######..#
#>######.##.# <#
.....###.##.#### #
................
.....###.##.####
..#### #.#.... #.#
#.###...# #.# #.. ..


You could see a hobgoblin.

Vanquished Creatures
  An orc priest (D:3)
  An orc wizard (D:3)
  Robin (D:3)
  2 worms (D:2)
  A dart slug (D:2)
  2 orcs (D:3)
  A giant cockroach (D:1)
  7 goblins
  8 hobgoblins
  A quokka (D:2)
  5 ball pythons
  3 bats
  2 frilled lizards
  5 kobolds
  2 rats (D:2)
42 creatures vanquished.

Notes
Turn   | Place    | Note
-------+----------+-------------------------------------------
     0 | D:1      | LeprechaunX the Octopode Shapeshifter began the quest for
                  | the Orb.
     0 | D:1      | Reached XP level 1. HP: 13/13 MP: 1/1
   225 | D:1      | Reached XP level 2. HP: 14/18 MP: 2/2
  1115 | D:2      | Reached XP level 3. HP: 23/23 MP: 3/3
  1623 | D:3      | Identified the +1 helmet of Modesty {rCorr Int+6 SInv}
  1623 | D:3      | Noticed Robin
  1635 | D:3      | Killed Robin
  1724 | D:3      | Identified the ring of Fun {rElec rPois rCorr Int+5}
  1780 | D:3      | Reached XP level 4. HP: 13/29 MP: 4/4
  1785 | D:3      | Reached skill level 4 in Unarmed Combat
  1787 | D:3      | Slain by a hobgoblin

Illustrated notes

Levels and vault maps discovered:
D:1:      dpeg_arrival_houses_and_road, layout_basic, minivault_4,
          hangedman_glass_teeth
D:2:      layout_basic
D:3:      layout_basic, mainiacjoe_overflow_chevrons,
          hellmonk_ecumenical_altar_leap_of_faith, st_stairs_9, uniq_robin

Skill      XL: |  1  2  3  4 |
---------------+-------------+-----
Fighting       | 2 |  2.1
Unarmed Combat | 4 |  4.1
Dodging        | |  2.8
Shapeshifting  | |  3.4

Action                     |  1- 3 |  4- 6 || total
---------------------------+-------+-------++-------
  Melee: Unarmed           |    70 |     8 ||    78
         Constrict         |    18 |     3 ||    21
         Punch             |     3 |       ||     3
         Tentacles         |    12 |     3 ||    15
   Stab: Sleeping          |     9 |       ||     9
 Armour: Skin              |     4 |       ||     4
  Dodge: Dodged            |    35 |     2 ||    37

Table legend: (Time is in decaauts)
 A = Elapsed time spent in this place.
 B = Non-inter-level travel time spent in this place.
 C = Inter-level travel time spent in this place.
 D = Time resting spent in this place.
 E = Time spent auto-exploring this place.
 F = Levels seen in this place.
 G = Mean time per level.
                   A        B        C        D        E       F      G
               +--------+--------+--------+--------+--------+-----+--------+
         Total |   1781 |   1702 |     79 |      0 |   1462 |   3 |  593.7 |
       Dungeon |   1781 |   1702 |     79 |      0 |   1462 |   3 |  593.7 |
               +--------+--------+--------+--------+--------+-----+--------+

Top non-repeatable levels by time:
     D:1: 894 daAuts
     D:2: 718 daAuts
     D:3: 168 daAuts
